 Dungeon Crawl Stone Soup version 0.30-a0-187-gd9c2deaf24 (webtiles) character file.

Game seed: 15283547868505848289

251 pokeman the Magician (level 5, 0/29 HPs)
             Began as a Deep Elf Hedge Wizard on Oct 4, 2022.
             Was a Follower of Vehumet.
             Slain by a quokka (1 damage)
             ... on level 4 of the Dungeon.
             The game lasted 00:05:34 (3712 turns).

pokeman the Magician (Deep Elf Hedge Wizard)        Turns: 3712, Time: 00:05:35

Health: 0/29       AC:  3    Str: 13    XL:     5   Next: 88%
Magic:  4/16       EV: 12    Int: 21    God:    Vehumet [*.....]
Gold:   131        SH:  0    Dex: 14    Spells: 6/17 levels left

rFire   . . .      SeeInvis .    s - +2 hand axe (flame)
rCold   . . .      Faith    .    (no shield)
rNeg    . . .      Spirit   .    e - +0 leather armour
rPois   .          Reflect  .    c - +0 hat
rElec   .          Harm     .    (no cloak)
rCorr   .          Rampage  .    (no gloves)
Will    .....                    (no boots)
Stlth   ++........               (no amulet)
HPRegen 0.24/turn                k - +6 ring of strength
MPRegen 0.15/turn                (no ring)

@: lethally poisoned (0 -> -3), on blink cooldown
A: no striking features
a: Renounce Religion


You were on level 4 of the Dungeon.
You worshipped Vehumet.
Vehumet was aware of your devotion.
You visited 1 branch of the dungeon, and saw 4 of its levels.

You collected 131 gold pieces.

Inventory:

Hand Weapons
 s - a +2 hand axe of flaming (weapon)
Armour
 c - a +0 hat (worn)
 e - a +0 leather armour (worn)
Jewellery
 k - a +6 ring of strength (left hand)
Wands
 q - a wand of charming (6)
Scrolls
 f - a scroll of amnesia {unknown}
 h - 3 scrolls of identify {unknown}
 i - 2 scrolls of blinking {unknown}
 l - a scroll of brand weapon {unknown}
 n - 2 scrolls of fear {unknown}
 o - a scroll of acquirement {unknown}
 p - 3 scrolls of teleportation {unknown}
 u - a scroll of immolation {unknown}
 v - a scroll of poison {unknown}
Potions
 a - a potion of resistance {unknown}
 b - 2 potions of haste {unknown}
 d - a potion of magic
 g - 2 potions of lignification {unknown}
 j - a potion of mutation {unknown}
 m - a potion of brilliance {unknown}
 r - 3 potions of curing {unknown}
 t - a potion of cancellation {unknown}


   Skills:
 - Level 1.0 Fighting
 - Level 1.0 Armour
 - Level 3.0 Dodging
 - Level 3.0 Stealth
 * Level 6.6 Spellcasting
 + Level 3.0 Conjurations
 - Level 1.1 Summonings
 - Level 1.1 Translocations
 - Level 1.0 Air Magic
 + Level 0.0 Earth Magic
 + Level 0.8 Poison Magic
 - Level 1.0 Evocations


You had 6 spell levels left.
You knew the following spells:

 Your Spells              Type           Power      Damage    Failure   Level
a - Magic Dart            Conj           76%        1d6       3%          1
b - Mephitic Cloud        Conj/Pois/Air  13%        N/A       19%         3
c - Call Imp              Summ           11%        N/A       11%         2
d - Blink                 Tloc           22%        N/A       11%         2
e - Stone Arrow           Conj/Erth      26%        3d8       19%         3

Your spell library contained the following spells:

 Spells                   Type           Power      Damage    Failure   Level
 Kiss of Death            Conj/Necr      52%        2d9       6%          1
 Sandblast                Erth           12%        2d6       12%         1
 Slow                     Hex            24%        N/A       12%         1
 Cigotuvi's Dreadful Rot  Necr/Pois/Air  18%        N/A       14%         2
 Passwall                 Tmut/Erth      5%         N/A       19%         2


Dungeon Overview and Level Annotations

Branches:
Dungeon (4/15)
 Temple: D:4-7

Altars:
Vehumet


Message History

Aim: a water moccasin (heavily wounded, 100% to hit)
The magic dart hits the water moccasin but does no damage.
The water moccasin is heavily wounded.
You feel sick. The water moccasin closely misses you.
Casting: Magic Dart (safe; 3% risk of failure)
Confirm with . or Enter, or press ? or * to list all spells.
Aiming: Magic Dart (safe; 3% risk of failure)
Press: ? - help, Shift-Dir - straight line, f/p - water moccasin
Aim: a water moccasin (heavily wounded, 100% to hit)
The magic dart hits the water moccasin.
The water moccasin is heavily wounded.
You feel sick.
The water moccasin bites you but does no damage.
The water moccasin bites you.
Unknown command.
Casting: Magic Dart (safe; 3% risk of failure)
Confirm with . or Enter, or press ? or * to list all spells.
You blink.
Found a scroll labelled ABAONOSOUH.
You feel sick.
Unknown command.
Casting: Blink (safe; 11% risk of failure)
Confirm with . or Enter, or press ? or * to list all spells.
Aiming: Magic Dart (safe; 3% risk of failure)
Press: ? - help, Shift-Dir - straight line, f/p - water moccasin
Aim: a water moccasin (heavily wounded, 100% to hit)
The magic dart hits the water moccasin.
The water moccasin is severely wounded.
You feel sick. The quokka bites you.
* * * LOW HITPOINT WARNING * * *
The water moccasin bites you.
* * * LOW HITPOINT WARNING * * *
Casting: Magic Dart (safe; 3% risk of failure)
Confirm with . or Enter, or press ? or * to list all spells.
Aiming: Magic Dart (safe; 3% risk of failure)
Press: ? - help, Shift-Dir - straight line, f/p - water moccasin
Aim: a water moccasin (severely wounded, 100% to hit)
The magic dart hits the water moccasin.
The water moccasin is almost dead.
* * * LOW HITPOINT WARNING * * *
You feel sick. The water moccasin barely misses you. The quokka bites you.
You die...

#.# #
#.#.........
#.#.........
#.#.........
#.#.........
#.#.......?.
#.'.........
###Sr.......
#.@.......
#..$......
##########


You could see a water moccasin and a quokka.

Vanquished Creatures
  An orc priest (D:3)
  Terence (D:3)
  An orc wizard (D:3)
  An iguana (D:3)
  8 adders
  A worm (D:3)
  3 dart slugs
  5 orcs (D:3)
  2 ball pythons (D:1)
  5 endoplasms
  A giant cockroach (D:3)
  5 goblins
  7 hobgoblins
  6 quokkas
  3 bats
  6 kobolds
  3 rats
59 creatures vanquished.

Notes
Turn   | Place    | Note
-------+----------+-------------------------------------------
     0 | D:1      | pokeman the Deep Elf Hedge Wizard began the quest for the
                  | Orb.
     0 | D:1      | Reached XP level 1. HP: 10/10 MP: 7/7
   133 | D:1      | Found a faded altar of an unknown god.
   455 | D:1      | Reached XP level 2. HP: 15/15 MP: 4/9
  1150 | D:2      | Reached skill level 5 in Spellcasting
  1283 | D:2      | Reached XP level 3. HP: 16/20 MP: 2/11
  1287 | D:2      | Learned a level 3 spell: Mephitic Cloud
  1290 | D:2      | Learned a level 2 spell: Call Imp
  1293 | D:2      | Learned a level 2 spell: Blink
  1297 | D:2      | Learned a level 3 spell: Stone Arrow
  1453 | D:2      | Found a radiant altar of Vehumet.
  1462 | D:2      | Became a worshipper of Vehumet
  1549 | D:2      | Reached skill level 1 in Armour
  1553 | D:2      | Reached skill level 1 in Fighting
  2145 | D:2      | Reached XP level 4. HP: 25/25 MP: 10/13
  2694 | D:3      | Reached skill level 6 in Spellcasting
  2694 | D:3      | Reached XP level 5. HP: 17/29 MP: 4/15
  2834 | D:3      | Reached * piety under Vehumet
  2834 | D:3      | Offered knowledge of Kiss of Death by Vehumet.
  3030 | D:3      | Noticed Terence
  3045 | D:3      | Killed Terence
  3046 | D:3      | Reached skill level 1 in Evocations
  3690 | D:4      | Reached skill level 1 in Air Magic
  3700 | D:4      | Noticed a water moccasin
  3712 | D:4      | HP: 1/29 [poisoned by a water moccasin]
  3712 | D:4      | Slain by a quokka

Illustrated notes

Levels and vault maps discovered:
D:1:      elethiomel_arrival_shortcut, layout_basic,
          shapermc_ecumenical_altar_starsandcircs, minmay_distorted
D:2:      layout_basic, basic_altar
D:3:      layout_loops_ring, minmay_misc_feat_x, kennysheep_generic_room_5,
          uniq_terence
D:4:      layout_basic, uniq_sigmund

Skill      XL: |  1  2  3  4  5 |
---------------+----------------+-----
Spellcasting   | 5 6 |  6.6
Armour         | 1 |  1.0
Fighting       | 1 |  1.0
Conjurations   | 2 3 |  3.0
Stealth        | 3 |  3.0
Dodging        | 3 |  3.0
Evocations     | 1 |  1.0
Air Magic      | 1 |  1.0
Summonings     | |  1.1
Translocations | |  1.1
Poison Magic   | |  0.8

Action                   |  1- 3 |  4- 6 || total
-------------------------+-------+-------++-------
Melee: Dagger            |     2 |    14 ||    16
       Hand axe          |       |    34 ||    34
       Punch             |       |     1 ||     1
 Cast: Magic Dart        |    92 |    74 ||   166
       Mephitic Cloud    |       |     6 ||     6
       Blink             |       |     2 ||     2
 Stab: Confused          |       |     2 ||     2
       Sleeping          |       |     2 ||     2
Armor: Leather armour    |     6 |     7 ||    13
Dodge: Dodged            |    19 |    31 ||    50

Table legend: (Time is in decaauts)
 A = Elapsed time spent in this place.
 B = Non-inter-level travel time spent in this place.
 C = Inter-level travel time spent in this place.
 D = Time resting spent in this place.
 E = Time spent auto-exploring this place.
 F = Levels seen in this place.
 G = Mean time per level.
                   A        B        C        D        E       F      G
               +--------+--------+--------+--------+--------+-----+--------+
         Total |   3720 |   3591 |    129 |     76 |   3084 |   4 |  930.0 |
       Dungeon |   3720 |   3591 |    129 |     76 |   3084 |   4 |  930.0 |
               +--------+--------+--------+--------+--------+-----+--------+

Top non-repeatable levels by time:
     D:2: 1249 daAuts
     D:3: 1159 daAuts
     D:1: 1137 daAuts
     D:4: 174 daAuts
